 Dungeon Crawl Stone Soup version 0.17-a0-1572-g7a1422d (webtiles) character file.

4 dinkum the Scratcher (level 1, 0/13 HPs)
             Began as a Felid Transmuter on July 25, 2015.
             Slain by a worm (3 damage)
             ... on level 2 of the Dungeon.
             The game lasted 00:06:46 (400 turns).

dinkum the Scratcher (Felid Transmuter)              Turns: 400, Time: 00:06:46

Health: 0/13       AC: 20    Str:  6    XL:     1   Next: 58%
Magic:  4/4        EV:  4    Int: 19    God:
Gold:   37         SH:  0    Dex: 16    Spells: 1 memorised, 3 levels left
                                        Lives:  0   Deaths: 0

rFire  . . .     SeeInvis +       - Unarmed
rCold  . . .     Clarity  .     (armour unavailable)
rNeg   + + +     SustAt   .     (shield unavailable)
rPois  +         Gourm    .     (helmet unavailable)
rElec  .         Spirit   .     (cloak unavailable)
rCorr  .         Warding  .     (gloves unavailable)
rMut   .         NoTele   +     (boots unavailable)
MR     .....                    (no amulet)
Stlth  +.........               (no ring)
                                g - +5 ring of intelligence

@: tree-form, very slightly contaminated, hasted, very quick, not resistant to
hostile enchantments, very unstealthy
A: no armour, no weapons or thrown items, (claws 0), (fangs 0), see invisible,
carnivore 3, (speed 0), (shaggy fur 0), slow metabolism 1, (sharp paws)
a: no special abilities


You were on level 2 of the Dungeon.
You were not hungry.
You were a tree.
You visited 1 branch of the dungeon, and saw 2 of its levels.

You collected 37 gold pieces.

Inventory:

Jewellery
 g - a +5 ring of intelligence (left branch)
Potions
 d - a potion of lignification
Books
 b - a book of Changes

   Spells                             Type                      Level
   a - Beastly Appendage              Transmutation                1
   b - Sticks to Snakes               Transmutation                2
   c - Spider Form                    Transmutation/Poison         3
   d - Ice Form                       Ice/Transmutation            4
   e - Blade Hands                    Transmutation                5
Comestibles
 c - a meat ration
 f - 4 chunks of flesh


   Skills:
 + Level 1.0 Fighting
 + Level 2.6 Dodging
 + Level 3.2 Unarmed Combat
 + Level 2.1 Spellcasting
 + Level 2.1 Transmutations


You had 3 spell levels left.
You knew the following spells:

 Your Spells              Type           Power        Failure   Level  Hunger
a - Beastly Appendage     Trmt           ##....       10%         1    #......


Dungeon Overview and Level Annotations

Branches:
Dungeon (2/15)

Altars:


Innate Abilities, Weirdness & Mutations

You cannot wear armour.
You are incapable of wielding weapons or throwing items.
((You have sharp claws.))
((You have razor-sharp teeth.))
You have supernaturally acute eyesight.
You are carnivorous and can eat meat at any time.
((You cover ground quickly.))
((You are covered in fur (AC +1).))
You have a slow metabolism.
((Your sharp claws are effective at attacking unaware monsters.))


Message History

The adder barely misses you. The adder bites you but does no damage.
The adder barely misses you. The adder bites you but does no damage.
The worm bites you.
* * * LOW HITPOINT WARNING * * *
The adder bites you but does no damage. The adder completely misses you.
The adder bites you but does no damage. The worm bites you but does no damage.
The adder bites you but does no damage. The adder bites you but does no damage.
The worm bites you but does no damage. The adder bites you but does no damage.
The adder bites you but does no damage. The worm barely misses you.
The adder closely misses you.
You cannot move.
Unknown command.
Number of times to repeat, then command key:
There are monsters nearby!
The adder bites you but does no damage. The worm bites you.
You die...

##.###.########.#
#...##.# #.#
.......# #.#
#...#### #.#
##.## #.# #.# #.#
#.# #.## #'# #.S#
#...# ##♣# .....#
#w# ......# #.#
.......# #.#
.......+ #.#
.......# #.#
###.#### ... ...


You could see a worm and an adder.

Vanquished Creatures
  2 bats
  2 goblins (D:1)
  A rat (D:1)
5 creatures vanquished.

Notes
Turn   | Place    | Note
--------------------------------------------------------------
     0 | D:1      | dinkum the Felid Transmuter began the quest for the Orb.
     0 | D:1      | Reached XP level 1. HP: 9/9 MP: 4/4
   400 | D:2      | Slain by a worm

Vault maps used:
D:1:      minmay_arrival_cross, st_stairs_11, grunt_decor_resistance,
          serial_park_tiny_2
D:2:      yredelemnul_forgotten_temple_becter, nicolae_overflow_hidden_temple,
          overflow_temple_1_default, serial_undead, serial_undead_f,
          serial_undead_a, serial_undead_a, serial_undead_b

Action                   || total
-------------------------++-------
Melee: Unarmed           ||    17
 Cast: Beastly Appendage ||     4
  Use: Potion            ||     3
       Scroll            ||     1
  Eat: Chunk             ||     2
